 Dungeon Crawl Stone Soup version 0.28-a0-1233-g92def6ad0a (webtiles) character file.

Game seed: 9147011401728287300

2442 Lekart the Cleaver (level 9, -2/75 HPs)
             Began as a Yellow Draconian Chaos Knight on Dec 23, 2021.
             Was a Plaything of Xom.
             Succumbed to a killer bee's poison
             ... on level 7 of the Dungeon.
             The game lasted 00:13:58 (7611 turns).

Lekart the Cleaver (Yellow Draconian Chaos Knight)  Turns: 7611, Time: 00:13:59

Health: -2/75      AC:  9    Str: 21    XL:     9   Next: 25%
Magic:  15/15      EV: 13    Int: 12    God:    Xom [.*....]
Gold:   602        SH:  0    Dex: 13    Spells: 11/16 levels left

rFire   x . .      SeeInvis .   d - +8 executioner's axe "Lixic" {chaos, rF- rC+++ Str+6}
rCold   + + +      Faith    .   (shield currently unavailable)
rNeg    . . .      Spirit   .   (armour unavailable)
rPois   .          Reflect  .   (helmet currently unavailable)
rElec   .          Harm     .   h - +1 cloak
rCorr   +          Rampage  .   (no gloves)
Will    .....                   (boots currently unavailable)
Stlth   +.........              (no amulet)
HPRegen 0.22/turn               (no ring)
MPRegen 0.14/turn               (no ring)

@: lethally poisoned (-2 -> -25), appendages (expiring)
A: horns 2, talons 2, spit acid, AC +7, unfitting armour, cold-blooded, acid
resistance, clumsy 1
a: Breathe Acid, End Transformation, Renounce Religion


You were on level 7 of the Dungeon.
You worshipped Xom.
You were a plaything of Xom.
You had temporarily grown beastly horns and talons.
You visited 1 branch of the dungeon, and saw 7 of its levels.
You also visited: Ossuary.

You collected 602 gold pieces.

Inventory:

Hand Weapons
 a - a +0 hand axe of chaos
 d - the +8 executioner's axe "Lixic" (weapon) {chaos, rF- rC+++ Str+6}
   (Xom gifted it to you on level 2 of the Dungeon)

   Each time it hits an enemy it has a different, random effect.
   Str:       It affects your strength (+6).
   rF:        It makes you vulnerable to fire.
   rC:        It renders you almost immune to cold.
 m - a +5 falchion
Armour
 h - a +1 cloak (worn)
Wands
 b - a wand of paralysis (2)
 g - a wand of mindburst (7)
Scrolls
 c - a scroll of enchant weapon
 f - a scroll of amnesia
 k - 2 scrolls of identify
Potions
 e - 4 potions of might
 i - a potion of flight


   Skills:
 + Level 5.7 Fighting
 + Level 8.4 Axes
 + Level 3.6 Dodging
 * Level 4.0 Spellcasting
 * Level 4.5 Transmutations
 * Level 4.3 Earth Magic


You had 11 spell levels left.
You knew the following spells:

 Your Spells              Type           Power      Damage    Failure   Level
a - Passwall              Tmut/Erth      10%        N/A       5%          2
b - Beastly Appendage     Tmut           26%        N/A       3%          1
c - Wereblood             Tmut           13%        N/A       5%          2

Your spell library contained the following spells:

 Spells                   Type           Power      Damage    Failure   Level
 Animate Skeleton         Necr           4%         N/A       22%         1
 Apportation              Tloc           4%         N/A       22%         1
 Slow                     Hex            8%         N/A       22%         1
 Summon Small Mammal      Summ           8%         N/A       22%         1
 Spider Form              Tmut/Pois      7%         N/A       26%         3
 Blink                    Tloc           4%         N/A       32%         2
 Call Canine Familiar     Summ           2%         N/A       54%         3
 Confusing Touch          Hex            2%         N/A       54%         3
 Lesser Beckoning         Tloc           2%         N/A       54%         3
 Summon Guardian Golem    Hex/Summ       2%         N/A       54%         3
 Swiftness                Air            2%         N/A       54%         3
 Yara's Violent Unravell  Hex/Tmut       3%         3d4       94%         5
 Manifold Assault         Tloc           2%         N/A       99%         5


Dungeon Overview and Level Annotations

Branches:
Dungeon (7/15)            Ossuary (visited)
 Temple: D:4-7

Altars:
Xom

Shops:
D:6 :*


Innate Abilities, Weirdness & Mutations

You have temporarily grown beastly horns and talons.
You can spit globs of acid.
Your golden yellow scales are hard. (AC +7)
You cannot fit into any form of body armour.
You are cold-blooded and may be slowed by cold attacks.
You are resistant to acid. (rCorr)
You are clumsy. (Dex -2)


Message History

You kill the killer bee!
You closely miss the killer bee.
You feel sick.
The killer bee stings you but does no damage.
The killer bee misses you. The killer bee stings you.
The killer bee barely misses you. The killer bee misses you.
The killer bee closely misses you. The killer bee stings you.
You are more poisoned.
The killer bee poisons you! The killer bee barely misses you.
You miss the killer bee. Your kick misses the killer bee.
The killer bee is lightly wounded.
You closely miss the killer bee. You barely miss the killer bee.
You feel very sick. The killer bee stings you!
The killer bee closely misses you. The killer bee barely misses you.
The killer bee stings you!
You are more poisoned.
The killer bee poisons you! The killer bee stings you.
You are more poisoned.
The killer bee poisons you! The killer bee stings you.
The killer bee closely misses you. The killer bee stings you.
You are more poisoned.
The killer bee poisons you!
The killer bee stings you but does no damage.
The killer bee closely misses you.
You are too injured to fight recklessly!
Okay, then.
* * * LOW HITPOINT WARNING * * *
You feel extremely sick. The killer bee barely misses you.
The killer bee stings you but does no damage.
* * * LOW HITPOINT WARNING * * *
You feel extremely sick.
The killer bee stings you but does no damage.
* * * LOW HITPOINT WARNING * * *
You feel very sick. The killer bee barely misses you.
The killer bee stings you.
* * * LOW HITPOINT WARNING * * *
You are more poisoned.
The killer bee poisons you! The killer bee completely misses you.
You die...
Xom titters!

#..#.##.# #.#....#..# #
#....##.# #.#....#..# # #
#.....#.# #.†.......###
#.#.....#.# #........†...
#.........# #..........##
#........y# #.##...#...#
#.....yyy# ###.##...#...#
##..†.#y.###............#
#.....#.@..((........#.#
#.#.##.#########..####.#
# #! ### #(.# #.# #. #..#
.# .. .... .. ...## ...


You could see 5 killer bees.

Vanquished Creatures
  A water moccasin (D:5)
  A floating eye (shapeshifter) (D:6)
  A black bear (D:5)
  An ice beast (D:7)
  3 necrophages
  2 ogres
  The ghost of Trumph21 the Conjurer, an amateur HuCj (D:3)
  A kobold brigand (D:6)
  A bullfrog (D:7)
  2 elf skeletons (D:4)
  4 scorpions
  A killer bee (D:7)
  3 wights (D:6)
  A centaur zombie (D:6)
  An orc priest (D:5)
  2 jellies (D:6)
  A human zombie (D:4)
  2 hounds
  A bullfrog skeleton (D:5)
  2 human skeletons (D:4)
  3 iguanas
  2 orc wizards (D:6)
  A killer bee zombie (D:6)
  8 mummies (Ossuary)
  A howler monkey zombie (D:6)
  3 gnolls (D:4)
  8 adders
  A shadow imp (D:7)
  An adder skeleton (D:5)
  4 worms
  2 dart slugs
  20 orcs
  3 ball pythons
  4 endoplasms
  A giant cockroach (D:2)
  A gnoll zombie (Ossuary)
  9 goblins
  8 hobgoblins
  5 jackals
  5 kobolds
  7 quokkas
  7 bats
  9 frilled lizards
  4 hobgoblin zombies (Ossuary)
  4 orc zombies
  A rat (D:2)
154 creatures vanquished.

Vanquished Creatures (collateral kills)
  A necrophage (D:6)
  A kobold (D:6)
2 creatures vanquished.

Grand Total: 156 creatures vanquished

Notes
Turn   | Place    | Note
-------+----------+-------------------------------------------
     0 | D:1      | Lekart the Draconian Chaos Knight began the quest for the
                  | Orb.
     0 | D:1      | Reached XP level 1. HP: 19/19 MP: 1/1
   197 | D:1      | Reached XP level 2. HP: 26/26 MP: 2/2
   511 | D:1      | Found a faded altar of an unknown god.
   793 | D:1      | XOM: cloud trail
  1066 | D:2      | Reached XP level 3. HP: 33/33 MP: 3/3
  1225 | D:2      | XOM: scenery: 1 doors close
  1319 | D:2      | Identified the +8 executioner's axe "Lixic" {antimagic, rF-
                  | rC+++ Str+6} (Xom gifted it to you on level 2 of the
                  | Dungeon)
  1319 | D:2      | XOM: god gift: +8 executioner's axe "Lixic" {chaos, rF-
                  | rC+++ Str+6}
  1557 | D:2      | Reached skill level 4 in Axes
  1557 | D:2      | Reached XP level 4. HP: 16/40 MP: 4/4
  1732 | D:2      | XOM: torment (21/40 hp)
  1873 | D:2      | XOM: summons 3 hostile demons
  2134 | D:2      | XOM: give mutation
  2134 | D:2      | Gained mutation: You are weak. (Str -2) [Xom's mischief]
  2262 | D:3      | Learned a level 2 spell: Passwall
  2281 | D:3      | Found a large runed translucent door.
  2283 | D:3      | Found a large runed translucent door.
  2287 | D:3      | Noticed Trumph21's ghost (amateur HuCj)
  2557 | D:3      | Learned a level 1 spell: Beastly Appendage
  2618 | D:3      | Reached XP level 5. HP: 46/46 MP: 5/5
  2621 | D:3      | Found a shimmering altar of Xom.
  2879 | D:3      | XOM: summons 1 hostile demon
  2882 | D:3      | Killed Trumph21's ghost
  2883 | D:3      | Reached skill level 1 in Spellcasting
  2883 | D:3      | Reached skill level 1 in Transmutations
  2883 | D:3      | Reached skill level 1 in Earth Magic
  2915 | D:3      | Learned a level 2 spell: Wereblood
  3058 | D:4      | Found a sand-covered staircase.
  3064 | D:4      | Reached XP level 6. HP: 48/52 MP: 7/7
  3067 | Ossuary  | Entered an ossuary
  3079 | Ossuary  | Reached skill level 5 in Axes
  3274 | Ossuary  | Lost mutation: You are weak. (Str -2) [potion of mutation]
  3274 | Ossuary  | Gained mutation: You are covered in fur. (AC +1) [potion of
                  | mutation]
  3401 | D:4      | Your scales start taking on a golden yellow colour.
  3401 | D:4      | Reached XP level 7. HP: 49/60 MP: 6/9
  3401 | D:4      | Gained mutation: You are resistant to acid. (rCorr) [Yellow
                  | Draconian growth]
  3872 | D:4      | XOM: 1-stop teleportation journey
  3882 | D:4      | Reached skill level 6 in Axes
  4072 | D:4      | XOM: summons 4 hostile shadow creatures
  4073 | D:4      | Noticed a steam dragon
  4073 | D:4      | Noticed a hornet
  4086 | D:4      | Paralysed by a hornet for 1 turns
  4093 | D:4      | Paralysed by a hornet for 2 turns
  4289 | D:4      | XOM: silly message
  4377 | D:5      | Entered Level 5 of the Dungeon
  4548 | D:5      | Reached skill level 5 in Fighting
  4548 | D:5      | Reached XP level 8. HP: 56/68 MP: 10/12
  4617 | D:5      | XOM: give mutations
  4617 | D:5      | Gained mutation: Your body sometimes deteriorates upon
                  | taking damage. [Xom's mischief]
  4617 | D:5      | Lost mutation: You are covered in fur. (AC +1) [Xom's
                  | mischief]
  5065 | D:5      | Reached skill level 7 in Axes
  5200 | D:5      | XOM: 2-stop teleportation journey
  5446 | D:5      | XOM: draining
  5886 | D:6      | Found Voptempo's Book Shoppe.
  5886 | D:6      | XOM: 8-stop teleportation journey
  5956 | D:6      | Noticed a glowing shapeshifter
  5956 | D:6      | an iguana changed into a glowing shapeshifter
  5956 | D:6      | XOM: polymorph iguana -> glowing shapeshifter
  5956 | D:6      | Noticed a cyclops
  5956 | D:6      | a glowing shapeshifter changed into a cyclops
  5959 | D:6      | a cyclops changed into a floating eye
  6136 | D:6      | XOM: summons 2 friendly demons
  6449 | D:6      | XOM: divination: detect creatures
  6559 | D:6      | Found Yxeu's Elemental Accessories.
  6759 | D:6      | XOM: cloud trail
  6773 | D:6      | Reached skill level 8 in Axes
  6773 | D:6      | Reached XP level 9. HP: 74/74 MP: 14/14
  6819 | D:6      | XOM: stat loss: -1 Str (20/21)
  6855 | D:6      | XOM: enchant monster (bad)
  6870 | D:6      | XOM: give mutations
  6870 | D:6      | Gained mutation: You are clumsy. (Dex -2) [Xom's mischief]
  6870 | D:6      | Lost mutation: Your body sometimes deteriorates upon taking
                  | damage. [Xom's mischief]
  7610 | D:7      | HP: 3/75 [killer bee (5)]
  7611 | D:7      | Succumbed to a killer bee's poison

Illustrated notes

Levels and vault maps discovered:
D:1:      sevenhm_arrival_forest_fort_small_3, layout_loops_cross,
          hellmonk_ecumenical_altar_run_dry, serial_glass, glass_columns_a,
          glass_columns_a
D:2:      layout_basic, minmay_hexomino_c4
D:3:      layout_rooms, marbit_many_paths, ebering_ghost_disaster_area
D:4:      layout_basic, nicolae_ossuary_entry_catacombs
D:5:      layout_basic, kennysheep_nub
D:6:      layout_layer_cave, serial_shops, shop, nicolae_elemental_shop,
          nicolae_concentric_dashed_squares_wild, kennysheep_generic_room_2
D:7:      layout_loops_ring, minmay_temple_entry_stoned_glass

Skill      XL: |  1  2  3  4  5  6  7  8  9 |
---------------+----------------------------+-----
Fighting       | 4 5 |  5.7
Axes           | 4 5 6 8 |  8.4
Spellcasting   | 1 2 3 4 |  4.0
Transmutations | 2 3 4 |  4.5
Earth Magic    | 1 2 3 4 |  4.3
Dodging        | 3 |  3.6

Action                   |  1- 3 |  4- 6 |  7- 9 || total
-------------------------+-------+-------+-------++-------
Melee: Hand axe          |    78 |       |       ||    78
       Tailslap          |     8 |     8 |    10 ||    26
       Executioner's axe |    22 |    97 |   111 ||   230
       Headbutt          |       |       |     6 ||     6
       Kick              |       |       |     3 ||     3
 Cast: Passwall          |       |     4 |       ||     4
       Beastly Appendage |       |     3 |     9 ||    12
       Wereblood         |       |     7 |     7 ||    14
 Abil: Breathe Acid      |       |       |     1 ||     1
  Use: Scroll            |     1 |    10 |     2 ||    13
       Potion            |       |     5 |     6 ||    11
 Stab: Confused          |     1 |       |       ||     1
Armor: Skin              |    47 |    39 |    58 ||   144
Dodge: Dodged            |    91 |    71 |   128 ||   290

Table legend: (Time is in decaauts)
 A = Elapsed time spent in this place.
 B = Non-inter-level travel time spent in this place.
 C = Inter-level travel time spent in this place.
 D = Time resting spent in this place.
 E = Time spent auto-exploring this place.
 F = Levels seen in this place.
 G = Mean time per level.
                   A        B        C        D        E       F      G
               +--------+--------+--------+--------+--------+-----+--------+
         Total |   7769 |   7608 |    161 |   1403 |   4796 |   8 |  971.1 |
       Dungeon |   7486 |   7325 |    161 |   1298 |   4796 |   7 | 1069.4 |
       Ossuary |    282 |    282 |      0 |    105 |      0 |   1 |  282.0 |
               +--------+--------+--------+--------+--------+-----+--------+

Top non-repeatable levels by time:
     D:6: 1729 daAuts
     D:5: 1464 daAuts
     D:2: 1193 daAuts
     D:4: 1192 daAuts
     D:1: 1085 daAuts
     D:3: 727 daAuts
 Ossuary: 282 daAuts
     D:7: 92 daAuts
